 Dungeon Crawl Stone Soup version 0.23.2 (webtiles) character file.

Game seed: 9831529904507970407

82 cklessthan3 the Skirmisher (level 4, 0/38 HPs)
             Began as a Demonspawn Abyssal Knight on Mar 31, 2019.
             Was a Believer of Lugonu.
             Succumbed to an adder's poison
             ... on level 2 of the Dungeon.
             The game lasted 00:08:43 (1457 turns).

cklessthan3 the Skirmisher (DsAK)                   Turns: 1457, Time: 00:08:44

Health: 0/38       AC: 11    Str: 12 (13) XL:     4   Next: 21%
Magic:  6/6        EV:  5    Int: 13 (14) God:    Lugonu [**....]
Gold:   40         SH:  0    Dex: 11 (12) Spells: 3/3 levels left

rFire    . . .     SeeInvis .   a - +1 mace
rCold    . . .     Gourm    .   (no shield)
rNeg     . . .     Faith    +   f - +1 chain mail
rPois    .         Spirit   .   (no helmet)
rElec    .         Reflect  .   (no cloak)
rCorr    .         Harm     .   (no gloves)
MR       .....                  (no boots)
Stlth    ..........             k - amulet of faith
HPRegen  0.12/turn              i - ring of stealth
MPRegen  0.10/turn              (no ring)

@: lethally poisoned (0 -> -12)
A: rugged brown scales 2
a: Depart the Abyss, Bend Space, Renounce Religion


You were on level 2 of the Dungeon.
You worshipped Lugonu.
Lugonu was pleased with you.
You were full.

You visited 1 branch of the dungeon, and saw 2 of its levels.
You visited the Abyss 1 time.

You collected 40 gold pieces.

Inventory:

Hand Weapons
 a - a +1 mace (weapon)
Armour
 b - a +0 leather armour
 f - a +1 chain mail (worn)
Jewellery
 d - an uncursed amulet of magic regeneration
 i - a ring of stealth (left hand)
 k - an amulet of faith (around neck)
Scrolls
 e - a scroll of blinking {unknown}
 h - a scroll of identify
 j - a scroll of teleportation {unknown}
 l - a scroll of amnesia
Comestibles
 c - 3 rations


   Skills:
 + Level 3.8 Fighting
 + Level 2.4 Maces & Flails
 + Level 2.5 Armour
 + Level 1.2 Dodging
 + Level 2.8 Invocations


You had 3 spell levels left.
You didn't know any spells.
Your spell library was empty.

Dungeon Overview and Level Annotations

Branches:
Dungeon (2/15)

Altars:


Innate Abilities, Weirdness & Mutations

You are mostly covered in rugged brown scales. (AC +2, +5% HP)


Message History

You feel sick.
The adder bites you but does no damage. x2
You closely miss the adder.
The adder is severely wounded.
The adder bites you but does no damage.
You barely miss the adder.
The adder is severely wounded.
You feel sick. The adder bites you.
* * * LOW HITPOINT WARNING * * *
You are more poisoned.
The adder poisons you! The adder bites you but does no damage.
You hit the adder.
The adder is severely wounded.
* * * LOW HITPOINT WARNING * * *
You feel sick. The adder barely misses you. The adder bites you.
* * * LOW HITPOINT WARNING * * *
You are more poisoned.
The adder poisons you!
Your chain mail prevents you from hitting the adder.
The adder is severely wounded.
You die...

.)................#..#
...................#.#
................>.....
...................#.
....................
.###.............# .
##.....#.....## ..
..###.####(.## #.. ##.
.......#@# .. . #
........#S#.#....
##.(.....#.).S..!.
#.......!..###...
.....>..#.# ........
.# ......#. .. .......
##. #... ## .


You could see an adder.

Vanquished Creatures
  A gnoll (D:2)
  3 adders
  A dart slug (D:2)
  A leopard gecko (D:2)
  3 giant cockroaches
  3 goblins
  10 hobgoblins
  6 bats
  5 frilled lizards
  5 kobolds
  4 rats
42 creatures vanquished.

Notes
Turn   | Place    | Note
-------+----------+-------------------------------------------
     0 | Abyss:1  | cklessthan3 the Demonspawn Abyssal Knight began the quest
                  | for the Orb.
     0 | Abyss:1  | Reached XP level 1. HP: 18/18 MP: 2/2
    11 | D:1      | Escaped the Abyss
   202 | D:1      | Gained mutation: You are partially covered in rugged brown
                  | scales. (AC +1, +3% HP) [demonic ancestry]
   202 | D:1      | Reached XP level 2. HP: 17/24 MP: 4/4
   475 | D:1      | Reached skill level 1 in Dodging
  1019 | D:2      | Reached XP level 3. HP: 22/29 MP: 5/5
  1044 | D:2      | Reached ** piety under Lugonu
  1420 | D:2      | Gained mutation: You are mostly covered in rugged brown
                  | scales. (AC +2, +5% HP) [demonic ancestry]
  1420 | D:2      | Reached XP level 4. HP: 21/38 MP: 6/6
  1456 | D:2      | HP: 1/38 [adder (1)]
  1457 | D:2      | Succumbed to an adder's poison

Skill      XL: |  1  2 |
---------------+-------+-----
Dodging        | 1 |  1.2
Armour         | 2 |  2.5
Maces & Flails | 2 |  2.4
Fighting       | |  3.8
Invocations    | |  2.8

Action                   |  1- 3 |  4- 6 || total
-------------------------+-------+-------++-------
Melee: Mace              |   145 |    23 ||   168
  Use: Scroll            |     4 |       ||     4
       Potion            |     3 |       ||     3
  Eat: Ration            |     2 |       ||     2
Armor: Chain mail        |   173 |    28 ||   201
       Leather armour    |     2 |       ||     2
Dodge: Dodged            |    95 |     5 ||   100
